 Dungeon Sprint DCSS version 0.19-a0-1922-g1e9a4c1 (webtiles) character file.

24 packetloss the Covert (level 3, -5/23 HPs)
             Began as a Kobold Berserker on Oct 25, 2016.
             Was a Follower of Trog.
             Slain by an ogre
             ... wielding a +0 giant club
              (28 damage)
             ... in the Dungeon (Sprint I: "Red Sonja").
             The game lasted 00:00:49 (12 turns).

packetloss the Covert (Kobold Berserker)              Turns: 12, Time: 00:00:49

Health: -5/23      AC:  2    Str: 14    XL:     3   Next: 15%
Magic:  3/3        EV: 15    Int:  8    God:    Trog [*.....]
Gold:   0          SH:  0    Dex: 15    Spells: 0 memorised, 2 levels left

rFire  . . .     SeeInvis .     a - +0 falchion
rCold  . . .     Gourm    .     b - +0 animal skin
rNeg   . . .     Faith    .     (shield restricted)
rPois  .         Spirit   .     (no helmet)
rElec  .         Reflect  .     (no cloak)
rCorr  .         Harm     .     (no gloves)
MR     .....     NoTele   +     (no boots)
Stlth  ++++......               (no amulet)
                                (no ring)
                                (no ring)

@: no status effects
A: carnivore 3
a: Berserk, Burn Spellbooks, Renounce Religion


You were in the Dungeon.
You worshipped Trog.
Trog was aware of your devotion.
You were not hungry.

You visited 1 branch

Inventory:

Hand Weapons
 a - a +0 falchion (weapon)
Armour
 b - a +0 animal skin (worn)
Scrolls
 i - a scroll of blinking {!r}
Potions
 d - a potion of curing
 e - a potion of heal wounds
 f - a potion of haste
 g - 2 potions of magic
 h - a potion of berserk rage {!q}
Comestibles
 c - a meat ration {@e2}


   Skills:
 + Level 3.2 Fighting
 - Level 2.4 Long Blades
 - Level 1.5 Armour
 + Level 2.4 Dodging
 + Level 8.0 Stealth


You had 2 spell levels left.
You didn't know any spells.

Dungeon Overview and Level Annotations

Branches:
Dungeon (1/1)

Altars:


Innate Abilities, Weirdness & Mutations

You are small and have problems with some larger weapons.
You are carnivorous and can eat meat at any time.


Message History

Welcome, packetloss the Kobold Berserker.
Trog says: Kill them all!
Found a staircase leading out of the dungeon.
You open the door.
Ijyb the Twisted Goblin comes into view.
There is an open door here.
Spoiler Alert: Ijyb (sleeping) will often zap you with wands!
Ijyb shouts!
Ijyb screams, "No!
No, no, no, no!"
Ijyb misses you.
You riposte.
You hit Ijyb.
Spoiler Alert: Ijyb will often zap you with wands!
Unknown command.
You closely miss Ijyb. Ijyb closely misses you.
You riposte.
You hit Ijyb.
Unknown command.
You hit Ijyb. Ijyb barely misses you.
You slash Ijyb! Ijyb completely misses you.
You riposte.
You hit Ijyb but do no damage.
Spoiler Alert: Ijyb will often zap you with wands!
You slash Ijyb!
You kill Ijyb!
Trog accepts your kill.
Your Stealth skill gained 8 levels and is now at level 8!
You have reached level 2!
You have reached level 3!
Your experience leads to an increase in your attributes!
Increase (S)trength, (I)ntelligence, or (D)exterity?
You feel agile.
Health restored: 23; MP restored: 3 You open the door.
An ogre comes into view. It is wielding a giant club.
There is an open door here.
Spoiler Alert: The ogre (sleeping) can hit for high damage in melee!
The ogre shouts!
The ogre hits you with a giant club!!
Ouch! That really hurt!
You die...

##########
#<.#..'..#
#..'..#@O+
#..#####+#
#..# #..#
#..# #⌠⌠#
####


You could see an ogre.

Vanquished Creatures
  Ijyb (D)
1 creature vanquished.

Notes
Turn   | Place    | Note
-------+----------+-------------------------------------------
     0 | D        | packetloss the Kobold Berserker began the quest for the Orb.
     0 | D        | Reached XP level 1. HP: 14/14 MP: 1/1
     2 | D        | Noticed Ijyb
     7 | D        | Killed Ijyb
     7 | D        | Reached skill level 8 in Stealth
     7 | D        | Reached XP level 2. HP: 19/19 MP: 2/2
     7 | D        | Reached XP level 3. HP: 23/23 MP: 3/3
    11 | D        | Noticed an ogre
    12 | D        | Slain by an ogre

Vault maps used:
D:        dungeon_sprint_1

Skill      XL: |  1 |
---------------+----+-----
Stealth        | 8 |  8.0
Fighting       | |  3.2
Long Blades    | |  2.4
Armour         | |  1.5
Dodging        | |  2.4

Action                   || total
-------------------------++-------
Melee: Falchion          ||     4
Dodge: Dodged            ||     4
       Rpst.: Falchion   ||     3

Vault maps used:
D:        dungeon_sprint_1

Table legend:
 A = Turns spent in this place as a percentage of turns spent in the entire game.
 B = Non-inter-level travel turns spent in this place as a percentage of non-inter-level travel turns spent in the entire game.
 C = Inter-level travel turns spent in this place as a percentage of turns spent in this place.
 D = Turns resting spent in this place as a percentage of non-inter-level travel turns spent in this place.
 E = Turns spent auto-exploring this place as a percentage of non-inter-level travel turns spent in this place.
 F = Non-inter-level travel turns spent in this place divided by the number of levels of this place that you've seen.
                   A       B       C       D       E      F
               +-------+-------+-------+-------+-------+----------------------
         Total | 100.0 | 100.0 |   0.0 |   0.0 |   0.0 |  16.0
       Dungeon | 100.0 | 100.0 |   0.0 |   0.0 |   0.0 |  16.0
               +-------+-------+-------+-------+-------+----------------------

Table legend:
 A = Kills in this place as a percentage of kills in entire the game.
 B = Kills by you in this place as a percentage of kills by you in the entire game.
 C = Kills by friends in this place as a percentage of kills by friends in the entire game.
 D = Other kills in this place as a percentage of other kills in the entire game.
 E = Experience gained in this place as a percentage of experience gained in the entire game.
 F = Experience gained in this place divided by the number of levels of this place that you have seen.
                   A       B       C       D       E      F
               +-------+-------+-------+-------+-------+----------------------
         Total | 100.0 | 100.0 |  -nan |  -nan | 100.0 |  35.0
       Dungeon | 100.0 | 100.0 |  -nan |  -nan | 100.0 |  35.0
               +-------+-------+-------+-------+-------+----------------------
